 Dungeon Crawl Stone Soup version 0.31-a0-1101-g9ad1905e61 (webtiles) character file.

Game seed: 11546306769152761652

835 kae the Sneak (level 7, -1/51 HPs)
             Began as a Demonspawn Enchanter on Dec 1, 2023.
             Slain by an orc
             ... wielding a +0 falchion of holy wrath
              (2 damage)
             ... on level 5 of the Dungeon.
             The game lasted 00:04:52 (4199 turns).

kae the Sneak (Demonspawn Enchanter)                Turns: 4199, Time: 00:04:52

Health: -1/51      AC:  7    Str:  8    XL:     7   Next: 66%
Magic:  11/11      EV: 13    Int: 15    God:
Gold:   159        SH:  0    Dex: 16    Spells: 4/12 levels left

rFire   . . .        m - +2 dagger (freeze)
rCold   . . .        (no shield)
rNeg    . . .        b - +1 robe
rPois   .            e - +0 helmet
rElec   .            o - +0 cloak
rCorr   .            (no gloves)
SInv    .            h - +1 pair of boots
Will    .....        (no amulet)
Stlth   +++          (no ring)
HPRegen 0.28/turn    (no ring)
MPRegen 0.12/turn

%: no passive effects
@: no status effects
A: hooves 2, foul stench 2, powered by death 1
a: no special abilities


You were on level 5 of the Dungeon.
You visited 1 branch of the dungeon, and saw 5 of its levels.

You collected 232 gold pieces.
You spent 73 gold pieces at shops.


Innate Abilities, Weirdness & Mutations

You have hoof-like feet.
You sometimes emit foul miasma when damaged in melee.
You regenerate a little health from kills.


   Skills:
 + Level 2.5 Fighting
 * Level 3.5 Short Blades
 + Level 2.9 Dodging
 * Level 4.7 Stealth
 + Level 3.2 Spellcasting
 + Level 4.0 Hexes
 * Level 3.0 Ice Magic


You had 4 spell levels left.
You knew the following spells:

 Your Spells              Type           Power      Damage    Failure   Level
a - Ensorcelled Hibernat  Hex/Ice        24%        N/A       7%          2
b - Confusing Touch       Hex            14%        N/A       12%         3
c - Tukima's Dance        Hex            14%        N/A       12%         3

Your spell library contained the following spells:

 Spells                   Type           Power      Damage    Failure   Level
 Magic Dart               Conj           8%         1d3       21%         1
 Dazzling Flash           Conj/Hex       16%        N/A       26%         3
 Inner Flame              Hex/Fire       8%         N/A       26%         3
 Call Imp                 Summ           4%         N/A       30%         2
 Cigotuvi's Dreadful Rot  Necr/Pois/Air  4%         N/A       30%         2
 Passwall                 Tmut/Erth      1%         N/A       30%         2
 Wereblood                Tmut           2%         N/A       30%         2
 Cause Fear               Hex            7%         N/A       36%         4
 Ignite Poison            Fire/Tmut/Pois 2%         N/A       52%         3
 Mephitic Cloud           Conj/Pois/Air  2%         N/A       52%         3
 Swiftness                Air            2%         N/A       52%         3
 Sticky Flame             Conj/Fire      2%         2d3       89%         4
 Yara's Violent Unravell  Hex/Tmut       4%         3d4       94%         5
 Freezing Cloud           Conj/Ice/Air   2%         6-21      98%         5
 Fireball                 Conj/Fire      1%         3d3       99%         5
 Irradiate                Conj/Tmut      1%         3d12      99%         5
 Enfeeble                 Hex            7%         N/A       100%        7
 Ignition                 Fire           1%         3d3       100%        8
 Dragon's Call            Summ           1%         N/A       100%        9

Inventory:

Hand Weapons
 a - a +1 dagger
 m - a +2 dagger of freezing (weapon)
   (You took it off a kobold on level 3 of the Dungeon)
Missiles
 d - 44 stones
 f - 2 poisoned darts
 w - 5 boomerangs
Armour
 b - a +1 robe (worn)
 e - a +0 helmet (worn)
   (You found it on level 1 of the Dungeon)
 h - a +1 pair of boots (worn)
   (You found it on level 2 of the Dungeon)
 o - a +0 cloak (worn)
   (You took it off Crazy Yiuf on level 3 of the Dungeon)
Wands
 p - a wand of charming (10)
   (You found it on level 5 of the Dungeon)
 u - a wand of mindburst (14)
   (You took it off an orc on level 4 of the Dungeon)
Scrolls
 n - a scroll of fear
 q - a scroll of teleportation {@r4}
 v - a scroll of vulnerability {!r!r}
 x - a scroll of identify {@r1}
Potions
 c - 2 potions of invisibility
 g - a potion of haste {@q3}
 i - a potion of curing {@q1}
 j - 2 potions of lignification {!q}
 k - a potion of brilliance
 l - 5 potions of might {unknown}
 r - a potion of enlightenment {unknown}
 s - 3 potions of heal wounds {unknown}
 t - a potion of degeneration {!q}

Dungeon Overview and Level Annotations

Branches:
Dungeon (5/15) Zot: 25840
 Temple: D:4-7

Altars:

Shops:
D:3 *   D:4 ?

Annotations:
D:3 Terence

#.......###.. ##...........####
#.....#..........
#.....#.>....... .h..
##............# . ....
##...##......#.#... ...
#.........)l)...... #...
######.........o@h# #..##
.#.......#...##.### .....
...##....##.###.# #........
....#....##.##.... . ....##..
..........#..#.... ..#....##.
...#............... ........#.
...#.............##.......^......
...#.##..........##.... #.....#..
..................#.#..##.....#..


You could see an iguana (slow), a hound and an orc.


Message History

The orc priest hits you with a +0 falchion.
You emit a cloud of foul miasma!
The orc hits you with a +0 club.
You closely miss the orc priest.
The orc priest is engulfed in dark miasma.
The orc priest is poisoned.
The orc priest hits you with a +0 falchion.
The orc hits you with a +0 club. 😮 HP[-12]
You take 12 damage, and now have 37/51 hp.
MASSIVE DAMAGE!! (PAUSE)
You hit the orc priest. You freeze the orc priest.
The orc priest is engulfed in dark miasma.
The orc priest looks even sicker.
You kill the orc priest!
The orc barely misses you.
Your Ice Magic skill increases to level 3!
You hit the orc but do no damage. The orc barely misses you.
The orc closely misses you.
You hit the orc. You freeze the orc. 😕 HP[+2]
You regained 2 hp, and now have 39/51 hp.
You completely miss the orc. The orc hits you but does no damage.
The orc barely misses you.
The orc hits you with a +0 falchion of holy wrath.
You convulse. 😮 HP[-4]
You take 4 damage, and now have 35/51 hp.
You hit the iguana but do no damage. Your punch misses the iguana.
The orc misses you. The orc hits you with a +0 whip.
You emit a cloud of foul miasma!
The iguana barely misses you.
The orc hits you but does no damage. 😮 HP[-2]
You take 2 damage, and now have 33/51 hp.
You hit the iguana.
The iguana seems to slow down.
You freeze the iguana. The orc hits you but does no damage.
The orc is engulfed in dark miasma.
The orc is poisoned.
You kill the orc!
The orc completely misses you.
The iguana bites you but does no damage.
Unknown command.
You hit the iguana but do no damage. The orc hits you with a +0 club.
The orc hits you but does no damage. 😮 HP[-2]
You take 2 damage, and now have 31/51 hp.
Unknown command.
You hit the iguana.
The iguana seems to slow down.
You freeze the iguana. The orc hits you but does no damage.
The orc hits you with a +0 falchion of holy wrath!
* * * LOW HITPOINT WARNING * * *
You convulse.
* * * LOW HITPOINT WARNING * * *
The iguana bites you but does no damage.
You barely miss the orc.
The hound barks! 😨 HP[-10]
You take 10 damage, and now have 21/51 hp.
You hit the iguana. You freeze the iguana. Your punch misses the iguana.
The orc hits you with a +0 club.
* * * LOW HITPOINT WARNING * * *
You emit a cloud of foul miasma!
The orc hits you but does no damage. The iguana barely misses you. 😨 HP[-2]
You take 2 damage, and now have 19/51 hp.
Unknown command.
You barely miss the iguana.
The orc is engulfed in dark miasma.
The orc is poisoned.
You kill the orc!
The orc hits you but does no damage.
Unknown command.
You barely miss the iguana. The hound completely misses you.
The orc closely misses you.
The iguana bites you but does no damage. 😨 HP[+1] Unknown command.
You closely miss the iguana. The hound closely misses you.
The orc hits you but does no damage.
Unknown command.
You hit the iguana but do no damage. The hound bites you.
* * * LOW HITPOINT WARNING * * *
The orc closely misses you. The hound closely misses you.
The iguana bites you but does no damage. 😨 HP[-2]
You take 2 damage, and now have 18/51 hp.
Unknown command.
You barely miss the iguana. The hound closely misses you.
You hit the iguana but do no damage. You punch the iguana, but do no damage.
The orc hits you with a +0 falchion of holy wrath!
* * * LOW HITPOINT WARNING * * *
You convulse!
* * * LOW HITPOINT WARNING * * *
The hound misses you. 😱 HP[-15]
You take 15 damage, and now have 3/51 hp.
MASSIVE DAMAGE!! (PAUSE)
You hit the iguana.
The iguana seems to slow down.
You freeze the iguana. The hound bites you but does no damage.
The orc hits you with a +0 falchion of holy wrath.
* * * LOW HITPOINT WARNING * * *
You convulse.
You die...

Skill      XL: |  1  2  3  4  5  6  7 |
---------------+----------------------+-----
Short Blades   | 1 2 3 |  3.5
Stealth        | 3 4 |  4.7
Dodging        | 2 |  2.9
Fighting       | 1 2 |  2.5
Ice Magic      | 1 2 3 |  3.0
Spellcasting   | 3 |  3.2
Hexes          | 4 |  4.0

Action                     |  1- 3 |  4- 6 |  7- 9 || total
---------------------------+-------+-------+-------++-------
  Melee: Dagger            |   171 |   175 |    71 ||   417
         Punch             |     2 |     2 |     2 ||     6
         Kick              |       |     6 |       ||     6
   Cast: Ensorcelled Hiber |     4 |     7 |     3 ||    14
         Confusing Touch   |       |     3 |     3 ||     6
  Evoke: Wand              |       |       |     2 ||     2
    Use: Scroll            |     2 |     9 |       ||    11
   Stab: Sleeping          |     4 |    15 |     2 ||    21
         Confused          |       |     3 |     2 ||     5
         Distracted        |       |     1 |       ||     1
 Armour: Robe              |    89 |   104 |    67 ||   260
  Dodge: Dodged            |   111 |   105 |    61 ||   277

Levels and vault maps discovered:
D:1:      dpeg_arrival_arbitrary_a, layout_basic,
          dreamdust_ecumenical_altar_hidden_monk_grotto, minmay_pentomino_z2
D:2:      layout_loops_corners, grunt_ministairs_8
D:3:      layout_loops_ring, serial_shops, nicolae_shop_back_alley_shop,
          chequers_serial_rivers_room_b, uniq_terence, uniq_crazy_yiuf_cottage
D:4:      layout_basic, serial_shops, shop
D:5:      layout_cave_pools

Notes
Turn   | Place    | Note
-------+----------+-------------------------------------------
     0 | D:1      | kae the Demonspawn Enchanter began the quest for the Orb.
     0 | D:1      | Reached XP level 1. HP: 13/13 MP: 3/3
     0 | D:1      | magus.rc [v1.11.3]
    81 | D:1      | Reached skill level 1 in Short Blades
   195 | D:1      | HP: 1/13 [hobgoblin (4)]
   207 | D:1      | Gained mutation: You may rarely emit foul miasma when
                  | damaged in melee. [demonic ancestry]
   207 | D:1      | Reached XP level 2. HP: 5/19 MP: 5/5
   329 | D:1      | Reached skill level 3 in Stealth
   388 | D:1      | Learned a level 2 spell: Ensorcelled Hibernation
   392 | D:1      | You add the spells Ignite Poison, Sticky Flame and Ignition
                  | to your library.
   395 | D:1      | You pick up a book of Minor Magic and begin reading...
   395 | D:1      | You add the spells Magic Dart, Call Imp and Mephitic Cloud
                  | to your library.
   461 | D:1      | Reached skill level 2 in Dodging
   608 | D:1      | You pick up a book of Burglary and begin reading...
   608 | D:1      | You add the spells Passwall and Swiftness to your library.
   678 | D:1      | HP: 2/20 [gnoll/+0 spear (7)]
   685 | D:1      | Gained mutation: You sometimes emit foul miasma when
                  | damaged in melee. [demonic ancestry]
   685 | D:1      | Reached XP level 3. HP: 5/25 MP: 1/6
   833 | D:1      | Found a faded altar of an unknown god.
   837 | D:1      | You pick up a book of Changes and begin reading...
   837 | D:1      | You add the spells Wereblood and Irradiate to your library.
  1238 | D:2      | You pick up a book of the Dragon and begin reading...
  1238 | D:2      | You add the spells Cause Fear, Fireball and Dragon's Call
                  | to your library.
  1310 | D:2      | You pick up a book of Minor Magic and begin reading...
  1413 | D:2      | Reached skill level 1 in Fighting
  1440 | D:2      | Gained mutation: You have large cloven feet. [demonic
                  | ancestry]
  1440 | D:2      | Reached XP level 4. HP: 28/32 MP: 7/7
  2257 | D:3      | You add the spells Cigotuvi's Dreadful Rot and Freezing
                  | Cloud to your library.
  2433 | D:3      | Reached skill level 1 in Ice Magic
  2508 | D:3      | Noticed Terence
  2640 | D:3      | Reached skill level 2 in Short Blades
  2641 | D:3      | Found Esul's Assorted Antiques.
  2645 | D:3      | Bought a bubbling dark potion for 23 gold pieces
  2645 | D:3      | Bought a scroll labelled TAWAUDD BIRUT for 26 gold pieces
  2765 | D:3      | Found a runed translucent door.
  2766 | D:3      | Noticed Crazy Yiuf
  2872 | D:3      | Killed Crazy Yiuf
  2873 | D:3      | Reached XP level 5. HP: 29/37 MP: 3/8
  2935 | D:4      | Found Huopeana's Magic Scroll Emporium.
  2938 | D:4      | Noticed a phantom
  2948 | D:4      | Killed a phantom
  2953 | D:4      | Learned a level 3 spell: Confusing Touch
  2957 | D:4      | Learned a level 3 spell: Tukima's Dance
  2967 | D:4      | Bought a scroll of identify for 24 gold pieces
  3076 | D:4      | Noticed a phantom
  3095 | D:4      | Killed a phantom
  3096 | D:4      | Gained mutation: You regenerate a little health from kills.
                  | [demonic ancestry]
  3096 | D:4      | Reached XP level 6. HP: 34/44 MP: 6/9
  3247 | D:4      | You pick up a book of Misfortune and begin reading...
  3247 | D:4      | You add the spells Inner Flame, Yara's Violent Unravelling
                  | and Enfeeble to your library.
  3269 | D:4      | Reached skill level 4 in Stealth
  3269 | D:4      | Reached skill level 2 in Ice Magic
  3533 | D:5      | Entered Level 5 of the Dungeon
  3539 | D:4      | Reached skill level 2 in Fighting
  3675 | D:5      | Reached skill level 3 in Short Blades
  3675 | D:5      | Reached skill level 3 in Spellcasting
  3675 | D:5      | Gained mutation: You have hoof-like feet. [demonic
                  | ancestry]
  3675 | D:5      | Reached XP level 7. HP: 17/50 MP: 4/11
  4181 | D:5      | Reached skill level 4 in Hexes
  4184 | D:5      | Reached skill level 3 in Ice Magic
  4198 | D:5      | HP: 12/51 [orc/+0 falchion of holy wrath (7)]
  4198 | D:5      | HP: 3/51 [orc/+0 falchion of holy wrath (9)]
  4199 | D:5      | HP: 1/51 [orc/+0 falchion of holy wrath (2)]
  4199 | D:5      | Slain by an orc

Vanquished Creatures
  4 phantoms
  A scorpion (D:5)
  A gnoll sergeant (D:4)
  2 hounds (D:4)
  Crazy Yiuf (D:3)
  An orc priest (D:5)
  2 iguanas
  A sleepcap (D:5)
  An orc wizard (D:5)
  5 adders
  5 gnolls
  A white imp (D:5)
  3 worms
  A dart slug (D:3)
  6 orcs
  6 ball pythons
  3 endoplasms
  2 giant cockroaches
  4 goblins
  12 hobgoblins
  20 jackals
  5 kobolds
  2 quokkas
  5 bats
  4 frilled lizards
  4 rats
102 creatures vanquished.

Table legend:
 A = Non-vault XP
 B = Vault XP
 C = Vault XP percentage of total XP
 D = Non-vault monster count
 E = Vault monster count
 F = Vault count percentage of total count
                 A         B        C        D         E       F
            +---------+---------+-------+---------+---------+-------
      Total |    1151 |      43 |   3.6 |      99 |       3 |   2.9
            +---------+---------+-------+---------+---------+-------
        D:1 |      58 |       0 |   0.0 |      28 |       0 |   0.0
        D:2 |      57 |       2 |   3.4 |      17 |       2 |  10.5
        D:3 |      49 |      41 |  45.6 |      13 |       1 |   7.1
        D:4 |     458 |       0 |   0.0 |      20 |       0 |   0.0
        D:5 |     529 |       0 |   0.0 |      21 |       0 |   0.0
            +---------+---------+-------+---------+---------+-------

Skill      XL: |  1  2  3  4  5  6  7 |
---------------+----------------------+-----
Short Blades   | 1 2 3 |  3.5
Stealth        | 3 4 |  4.7
Dodging        | 2 |  2.9
Fighting       | 1 2 |  2.5
Ice Magic      | 1 2 3 |  3.0
Spellcasting   | 3 |  3.2
Hexes          | 4 |  4.0

Action                     |  1- 3 |  4- 6 |  7- 9 || total
---------------------------+-------+-------+-------++-------
  Melee: Dagger            |   171 |   175 |    71 ||   417
         Punch             |     2 |     2 |     2 ||     6
         Kick              |       |     6 |       ||     6
   Cast: Ensorcelled Hiber |     4 |     7 |     3 ||    14
         Confusing Touch   |       |     3 |     3 ||     6
  Evoke: Wand              |       |       |     2 ||     2
    Use: Scroll            |     2 |     9 |       ||    11
   Stab: Sleeping          |     4 |    15 |     2 ||    21
         Confused          |       |     3 |     2 ||     5
         Distracted        |       |     1 |       ||     1
 Armour: Robe              |    89 |   104 |    67 ||   260
  Dodge: Dodged            |   111 |   105 |    61 ||   277

Illustrated notes

Table legend:
 A = Kills in this place as a percentage of kills in the entire game.
 B = Kills by you in this place as a percentage of kills by you in the entire game.
 C = Kills by friends in this place as a percentage of kills by friends in the entire game.
 D = Other kills in this place as a percentage of other kills in the entire game.
 E = Experience gained in this place as a percentage of experience gained in the entire game.
 F = Experience gained in this place divided by the number of levels of this place that you have seen.
                   A       B       C       D       E      F
               +-------+-------+-------+-------+-------+----------------------
         Total | 100.0 | 100.0 |   N/A |   N/A | 100.0 | 238.8
       Dungeon | 100.0 | 100.0 |   N/A |   N/A | 100.0 | 238.8
               +-------+-------+-------+-------+-------+----------------------

Table legend: (Time is in decaauts)
 A = Elapsed time spent in this place.
 B = Non-inter-level travel time spent in this place.
 C = Inter-level travel time spent in this place.
 D = Time resting spent in this place.
 E = Time spent auto-exploring this place.
 F = Levels seen in this place.
 G = Mean time per level.
                   A        B        C        D        E       F      G
               +--------+--------+--------+--------+--------+-----+--------+
         Total |   4158 |   4055 |    103 |     57 |   3121 |   5 |  831.6 |
       Dungeon |   4158 |   4055 |    103 |     57 |   3121 |   5 |  831.6 |
               +--------+--------+--------+--------+--------+-----+--------+

Top non-repeatable levels by time:
     D:1: 1197 daAuts
     D:2: 944 daAuts
     D:3: 763 daAuts
     D:4: 639 daAuts
     D:5: 614 daAuts
